AoeStats
← 公鸡神探

Arena

507976149Analyzed
4v4 RM · 12d ago on Sep 20, 2026· 51m 50s· 8 players
Game mode
Random Map
Map size
Large (8 player)
Population
200
Speed
Normal
Resources
Standard
Victory
Conquest
Starting age
Dark Age
Ending age
Imperial Age
RankedLock teamsTeams togetherTeam positionsShared explorationLock speedFull tech treeHidden civsTurbo modeCheats
Victory
Defeat
🇨🇳 Gurjaras · China
1167
+15
🇨🇳 Vietnamese · China
1156
+15
🇨🇳 Mongols · China
1150
+15
1133
+16
🇩🇪 Bohemians · Germany
1160
-16
🇹🇷 Japanese · Türkiye
1145
-16
🇯🇵 Franks · Japan
1123
-15
🇯🇵 Britons · Japan
1106
-14
传奇9號
9:40 Feudal Age
15:04 Castle Age
13:43 Double-Bit Axe
14:31 Horse Collar
15:08 Fletching
17:14 Heavy Plow
19:46 Bodkin Arrow
21:28 Bow Saw
25:27 Padded Archer Armor
28:54 Imperial Age
27:03 Leather Archer Armor
27:31 Bloodlines
28:20 Ballistics
27:52 Loom
28:13 Husbandry
28:23 Gold Mining
29:47 Bracer
31:58 Parthian Tactics
35:10 Elite Mangudai
36:05 Elite Mangudai
40:25 Chemistry
公鸡神探
11:24 Feudal Age
12:51 Double-Bit Axe
12:47 Horse Collar
15:49 Castle Age
17:41 Bow Saw
18:09 Heavy Plow
30:19 Imperial Age
28:37 Gold Mining
29:12 Bloodlines
29:02 Husbandry
29:32 Fletching
29:42 Padded Archer Armor
29:13 Light Cavalry
30:24 Bodkin Arrow
30:37 Thumb Ring
31:12 Wheelbarrow
30:23 Town Watch
30:23 Loom
31:20 Elite Elephant Archer
32:39 Ballistics
33:19 Chemistry
32:37 Leather Archer Armor
32:34 Bracer
33:52 Leather Archer Armor
34:21 Scale Barding Armor
34:27 Forging
34:38 Kshatriyas
34:54 Conscription
41:10 Chain Barding Armor
41:25 Iron Casting
40:30 Elite Shrivamsha Rider
41:40 Frontier Guards
40:43 Heavy Camel Rider
42:53 Plate Barding Armor
42:00 Siege Elephant
50:15 Scale Mail Armor
无甲的joe
9:56 Feudal Age
13:48 Castle Age
12:02 Double-Bit Axe
12:27 Horse Collar
19:27 Fletching
22:04 Bodkin Arrow
22:10 Padded Archer Armor
25:23 Wheelbarrow
24:50 Heavy Plow
25:01 Bow Saw
31:31 Imperial Age
29:34 Stone Mining
30:06 Scale Mail Armor
30:16 Forging
30:42 Gold Mining
31:43 Squires
31:28 Arson
31:56 Elite Fire Lancer
33:27 Chain Mail Armor
33:23 Forging
34:37 Two-Man Saw
34:32 Paper Money
34:58 Plate Mail Armor
35:41 Iron Casting
35:36 Plate Mail Armor
37:33 Hand Cart
37:04 Town Watch
翻斗花园突破手绫小路
10:53 Feudal Age
12:02 Double-Bit Axe
14:53 Castle Age
12:45 Horse Collar
19:25 Wheelbarrow
19:19 Bow Saw
19:11 Heavy Plow
23:28 Stone Mining
23:35 Gold Mining
28:08 Imperial Age
26:29 Gold Shaft Mining
25:43 Loom
25:46 Town Watch
26:45 Thumb Ring
27:02 Ballistics
26:47 Padded Archer Armor
26:37 Fletching
26:53 Fletching
29:17 Parthian Tactics
28:14 Heavy Cavalry Archer
29:49 Leather Archer Armor
29:29 Bodkin Arrow
31:25 Conscription
31:00 Pikeman
32:12 Ring Archer Armor
31:43 Bracer
31:43 Scale Mail Armor
32:35 Crop Rotation
33:11 Two-Man Saw
32:14 Recurve Bow
33:14 Halberdier
34:54 Chain Mail Armor
37:12 Hand Cart
36:58 Town Patrol
44:09 Scale Barding Armor
46:05 Bloodlines
45:57 Husbandry
45:20 Light Cavalry
46:23 Chain Barding Armor
46:34 Hussar
48:16 Plate Barding Armor
47:56 Caravan
TETSUYU-
12:06 Feudal Age
13:22 Loom
15:54 Castle Age
13:55 Double-Bit Axe
22:16 Wheelbarrow
24:45 Bow Saw
24:45 Town Watch
29:24 Imperial Age
27:24 Scale Barding Armor
27:29 Forging
27:24 Husbandry
27:21 Gold Mining
28:44 Chain Barding Armor
29:35 Stone Mining
29:36 Cavalier
30:55 Plate Barding Armor
30:51 Hand Cart
31:44 Light Cavalry
32:40 Paladin
35:29 Iron Casting
35:11 Padded Archer Armor
35:02 Fletching
35:17 Scale Mail Armor
37:55 Blast Furnace
36:53 Fletching
39:02 Elite Skirmisher
40:02 Leather Archer Armor
39:44 Bodkin Arrow
39:49 Scale Mail Armor
42:27 Chain Mail Armor
47:14 Squires
48:04 Pikeman
52:16 Chemistry
Dany Sahne
10:57 Feudal Age
13:57 Loom
16:29 Castle Age
14:49 Double-Bit Axe
15:04 Horse Collar
17:36 Heavy Plow
18:40 Bow Saw
30:04 Wheelbarrow
29:52 Town Watch
34:49 Imperial Age
33:12 Hand Cart
35:17 Chemistry
34:31 Forging
34:23 Squires
34:03 Pikeman
34:25 Man-at-Arms
34:52 Arson
35:27 Scale Mail Armor
35:20 Man-at-Arms
36:34 Conscription
36:25 Wagenburg Tactics
36:05 Long Swordsman
37:07 Two-Handed Swordsman
38:57 Iron Casting
38:37 Chain Mail Armor
44:35 Town Patrol
45:17 Elite Skirmisher
46:54 Fletching
49:37 Padded Archer Armor
51:53 Bodkin Arrow
esse
0:49 Loom
11:49 Feudal Age
12:24 Double-Bit Axe
13:25 Town Watch
18:51 Castle Age
17:06 Fletching
17:02 Horse Collar
19:19 Forging
20:10 Pikeman
21:15 Scale Mail Armor
27:32 Bodkin Arrow
31:18 Heavy Plow
33:12 Squires
35:08 Wheelbarrow
35:58 Chain Mail Armor
37:27 Iron Casting
38:12 Gold Mining
39:23 Guard Tower
39:55 Ballistics
43:38 Imperial Age
42:03 Padded Archer Armor
41:58 Elite Skirmisher
42:21 Treadmill Crane
42:53 Masonry
43:00 Leather Archer Armor
43:04 Bow Saw
43:19 Hand Cart
44:54 Ring Archer Armor
44:27 Bracer
44:18 Elite Samurai
46:30 Chemistry
47:18 Hoardings
46:53 Arrowslits
Parsifal
9:58 Feudal Age
10:56 Loom
15:22 Castle Age
13:39 Double-Bit Axe
16:17 Bow Saw
19:22 Fletching
25:16 Bodkin Arrow
27:04 Wheelbarrow
27:54 Yeomen
27:43 Gold Mining
29:30 Padded Archer Armor
33:32 Imperial Age
32:18 Hand Cart
32:22 Leather Archer Armor
32:34 Ballistics
32:36 Stone Mining
34:01 Masonry
34:19 Bracer
34:00 Elite Skirmisher
35:09 Conscription
35:32 Gold Shaft Mining
36:28 Ring Archer Armor
41:57 Chemistry
41:31 Architecture
40:28 Elite Longbowman
41:44 Hoardings
43:10 Two-Man Saw
Connection lost

Rejoining the realm…

Still unreachable

The connection could not be restored.

Session expired

The server has moved on; the page needs a fresh start.